 Dungeon Crawl Stone Soup version 0.30-a0-591-g3c58d2bc28 (webtiles) character file.

Game seed: 7192751660966952977

183 Citaku the Covered (level 5, -1/47 HPs)
             Began as a Minotaur Fighter on Jan 6, 2023.
             Slain by a gnoll
             ... wielding a +0 halberd
              (9 damage)
             ... on level 4 of the Dungeon.
             The game lasted 00:04:46 (2641 turns).

Citaku the Covered (Minotaur Fighter)               Turns: 2641, Time: 00:04:47

Health: -1/47      AC: 15    Str: 20    XL:     5   Next: 35%
Magic:  4/4        EV:  9    Int:  5    God:
Gold:   48         SH:  4    Dex: 12    Spells: 4/4 levels left

rFire   . . .      SeeInvis .    i - +2 mace (protect)
rCold   . . .      Faith    .    c - +0 buckler
rNeg    + . .      Spirit   .    a - +0 scale mail {rN+}
rPois   +          Reflect  .    (helmet restricted)
rElec   .          Harm     .    p - +0 cloak {rPois}
rCorr   .          Rampage  .    (no gloves)
Will    .....                    (no boots) Stlth
                                 (no amulet)
HPRegen 0.27/turn                (no ring)
MPRegen 0.09/turn                (no ring)

@: under a protective aura
A: horns 2, retaliatory headbutt
a: no special abilities


You were on level 4 of the Dungeon.
You visited 1 branch of the dungeon, and saw 4 of its levels.

You collected 150 gold pieces.
You spent 102 gold pieces at shops.

Inventory:

Hand Weapons
 i - a +2 mace of protection (weapon)
Missiles
 d - a throwing net (quivered)
Armour
 a - a +0 scale mail of positive energy (worn)
 c - a +0 buckler (worn)
 p - a +0 cloak of poison resistance (worn)
Scrolls
 e - 2 scrolls of poison {unknown}
 f - 2 scrolls of noise {unknown}
 j - 4 scrolls of identify {unknown}
 k - 2 scrolls of immolation {unknown}
 l - 3 scrolls of fog {unknown}
 m - 2 scrolls of teleportation {unknown}
 o - a scroll of amnesia {unknown}
Potions
 b - a potion of brilliance {unknown}
 g - 2 potions of resistance {unknown}
 h - 2 potions of curing {unknown}
 n - 2 potions of haste {unknown}
 q - a potion of heal wounds {unknown}


   Skills:
 + Level 4.6 Fighting
 * Level 4.6 Axes
 * Level 5.4 Armour
 - Level 3.6 Shields


You had 4 spell levels left.
You didn't know any spells.
Your spell library was empty.

Dungeon Overview and Level Annotations

Branches:
Dungeon (4/15)
 Temple: D:4-7

Altars:
Fedhas
Makhleb

Shops:
D:1 (   D:2 [   D:3 [:


Innate Abilities, Weirdness & Mutations

You have a pair of horns on your head.
You reflexively headbutt those who attack you in melee.


Message History

You block the gnoll's attack.
A gnoll comes into view. It is wielding a +0 halberd.
The gnoll shouts!
You hit the gnoll.
You kill the gnoll!
The gnoll hits you but does no damage.
Things that are here:
a +0 halberd; a gnoll corpse A gnoll comes into view.
It is wielding a +0 halberd.
The gnoll shouts!
The gnoll closely misses you. The gnoll hits you with a +0 halberd!
The gnoll hits you from afar with a +0 halberd.
You sock the gnoll!
Your weapon exudes an aura of protection.
You headbutt the gnoll.
You kill the gnoll!
The gnoll hits you from afar with a +0 halberd!
The gnoll hits you from afar with a +0 halberd.
You see here a +0 halberd.
You sock the fungus!
The fungus begins to die.
You headbutt the fungus!
The fungus is lightly damaged.
The gnoll hits you from afar with a +0 halberd.
* * * LOW HITPOINT WARNING * * *
The gnoll hits you from afar with a +0 halberd.
* * * LOW HITPOINT WARNING * * *
You block the gnoll's attack. The gnoll closely misses you.
The gnoll hits the fungus with a +0 halberd!
The fungus begins to die.
Okay, then.
A nearby fungus withers and dies.
Things that are here:
a +0 halberd; a gnoll corpse You hit the gnoll.
Your weapon exudes an aura of protection.
The gnoll is lightly wounded.
A nearby fungus withers and dies.
The gnoll barely misses you. The gnoll hits you with a +0 halberd!
You die...

#...# #?..# #
###...# .# .....#
##...
######...###.....
>...............#
..#####..........#
........†.<......#
.#####.@...####.#
##g###.##
#.).....#
.......gP..P.#
...###..~.~P..# #
#.P~.~....
#..~P~..##.
..P~.~P.#
#...P.P.#


You could see 2 gnolls.

Vanquished Creatures
  A hound (D:4)
  An orc priest (D:3)
  5 gnolls
  3 worms
  8 orcs (D:3)
  3 ball pythons
  4 endoplasms
  2 giant cockroaches
  3 goblins
  5 hobgoblins
  2 jackals (D:1)
  7 bats
  6 frilled lizards
  7 kobolds
  4 rats
61 creatures vanquished.

Vanquished Creatures (others)
  2 fungi (D:4)
  8 plants (D:1)
10 creatures vanquished.

Grand Total: 71 creatures vanquished

Notes
Turn   | Place    | Note
-------+----------+-------------------------------------------
     0 | D:1      | Citaku the Minotaur Fighter began the quest for the Orb.
     0 | D:1      | Reached XP level 1. HP: 19/19 MP: 0/0
   163 | D:1      | Reached XP level 2. HP: 27/27 MP: 1/1
   164 | D:1      | Reached skill level 4 in Armour
   417 | D:1      | Found Oseved's Antique Weapon Emporium.
  1070 | D:2      | Reached XP level 3. HP: 28/33 MP: 2/2
  1336 | D:2      | Found Plog's Armour Shoppe.
  1352 | D:2      | Bought a +0 cloak of poison resistance for 102 gold pieces
  1527 | D:2      | Reached XP level 4. HP: 40/40 MP: 3/3
  1990 | D:3      | Found Tywkahol's Book Boutique.
  2458 | D:3      | Found Qequwit's Antique Armour Shoppe.
  2502 | D:3      | Reached skill level 5 in Armour
  2544 | D:3      | Found a blossoming altar of Fedhas.
  2592 | D:3      | Found a burning altar of Makhleb.
  2626 | D:4      | Reached XP level 5. HP: 36/47 MP: 4/4
  2641 | D:4      | Slain by a gnoll

Illustrated notes

Levels and vault maps discovered:
D:1:      zelgadis_glass_arrival_small, layout_basic, serial_shops, shop,
          kennysheep_boxes
D:2:      layout_loops_ring, serial_shops, shop_statue, nicolae_hexahallways,
          grunt_ministairs_3
D:3:      layout_loops_cross, mainiacjoe_overflow_surrounded_room,
          lightli_temple_of_fire, serial_shops,
          nicolae_shop_temple_entry_statues_fountains,
          nicolae_shop_hallway_plus, nrook_campfire,
          corexii_item_surrounded_by_moat
D:4:      kennysheep_goblin_castle, layout_loops_ring, serial_shops,
          nicolae_take_the_stairs, kennysheep_flooded_box, dreamdust_gnoll_farm,
          uniq_duvessa

Skill      XL: |  1  2  3  4 |
---------------+-------------+-----
Armour         | 4 5 |  5.4
Axes           | 3 4 |  4.6
Fighting       | 4 |  4.6
Shields        | |  3.6

Action                   |  1- 3 |  4- 6 || total
-------------------------+-------+-------++-------
Melee: War axe           |    17 |       ||    17
       Headbutt          |     8 |     7 ||    15
       Mace              |    66 |    52 ||   118
  Use: Potion            |       |     1 ||     1
Armor: Scale mail        |    57 |    33 ||    90
Dodge: Dodged            |    41 |    33 ||    74
Block: Buckler           |    26 |    26 ||    52

Table legend: (Time is in decaauts)
 A = Elapsed time spent in this place.
 B = Non-inter-level travel time spent in this place.
 C = Inter-level travel time spent in this place.
 D = Time resting spent in this place.
 E = Time spent auto-exploring this place.
 F = Levels seen in this place.
 G = Mean time per level.
                   A        B        C        D        E       F      G
               +--------+--------+--------+--------+--------+-----+--------+
         Total |   2685 |   2685 |      0 |      0 |   2065 |   4 |  671.2 |
       Dungeon |   2685 |   2685 |      0 |      0 |   2065 |   4 |  671.2 |
               +--------+--------+--------+--------+--------+-----+--------+

Top non-repeatable levels by time:
     D:1: 955 daAuts
     D:2: 903 daAuts
     D:3: 799 daAuts
     D:4: 26 daAuts
